 Dungeon Crawl Stone Soup version 0.30-a0-632-g346586fe48 (webtiles) character file.

Game seed: 16829284654893322027

84 bande the Covered (level 4, 0/29 HPs)
             Began as a Gargoyle Fighter on Jan 13, 2023.
             Slain by a black bear (5 damage)
             ... on level 3 of the Dungeon.
             The game lasted 00:02:53 (1890 turns).

bande the Covered (Gargoyle Fighter)                Turns: 1890, Time: 00:02:53

Health: 0/29       AC: 11    Str: 20    XL:     4   Next: 45%
Magic:  4/4        EV:  9    Int:  8    God:
Gold:   212        SH:  4    Dex: 11    Spells: 3/3 levels left

rFire   . . .      SeeInvis .    a - +0 war axe
rCold   . . .      Faith    .    c - +0 buckler
rNeg    + . .      Spirit   .    b - +0 scale mail
rPois   ∞          Reflect  .    i - +0 helmet
rElec   +          Harm     .    (no cloak)
rCorr   .          Rampage  .    (no gloves)
Will    .....                    (no boots) Stlth
                                 (no amulet)
HPRegen 0.24/turn                (no ring)
MPRegen 0.09/turn                (no ring)

@: no status effects
A: sickness immunity, AC +3, negative energy resistance 1, electricity
resistance, torment resistance 1, petrification resistance
a: no special abilities


You were on level 3 of the Dungeon.
You visited 1 branch of the dungeon, and saw 4 of its levels.

You collected 212 gold pieces.

Inventory:

Hand Weapons
 a - a +0 war axe (weapon)
Armour
 b - a +0 scale mail (worn)
 c - a +0 buckler (worn)
 i - a +0 helmet (worn)
Jewellery
 w - a ring of see invisible
Scrolls
 e - a scroll of enchant weapon {unknown}
 f - 2 scrolls of magic mapping {unknown}
 g - a scroll of vulnerability {unknown}
 h - a scroll of immolation {unknown}
 j - 2 scrolls of poison {unknown}
 k - 5 scrolls of identify {unknown}
 n - a scroll of amnesia {unknown}
 o - 2 scrolls of teleportation {unknown}
 r - 2 scrolls of fog {unknown}
 u - 2 scrolls of noise {unknown}
Potions
 d - a potion of might
 l - 2 potions of curing {unknown}
 m - a potion of heal wounds {unknown}
 p - a potion of degeneration {unknown}
 q - a potion of attraction {unknown}
 s - a potion of cancellation {unknown}
 t - a potion of mutation {unknown}
 v - a potion of haste {unknown}


   Skills:
 + Level 3.7 Fighting
 + Level 3.2 Axes
 + Level 3.8 Armour
 + Level 3.7 Shields


You had 3 spell levels left.
You didn't know any spells.
Your spell library contained the following spells:

 Spells                   Type           Power      Damage    Failure   Level
 Beastly Appendage        Tmut           0%         N/A       85%         1
 Sandblast                Erth           0%         2d4       85%         1
 Passwall                 Tmut/Erth      0%         N/A       94%         2
 Wereblood                Tmut           0%         N/A       94%         2
 Spider Form              Tmut/Pois      0%         N/A       99%         3
 Stone Arrow              Conj/Erth      0%         3d7       99%         3


Dungeon Overview and Level Annotations

Branches:
Dungeon (4/15)
 Temple: D:4-7

Altars:
Yredelemnul


Innate Abilities, Weirdness & Mutations

You are immune to sickness and miasma.
Your stone body is resilient. (AC +3)
You are immune to poison.
You resist negative energy. (rN+)
You are resistant to electric shocks. (rElec)
You are resistant to unholy torment.
You are immune to petrification.


Message History

The phantom hits you but does no damage.
You are too injured to fight recklessly!
You are too injured to fight recklessly!
You are too injured to fight recklessly!
You are too injured to fight recklessly!
You are too injured to fight recklessly!
You are too injured to fight recklessly!
You are too injured to fight recklessly!
You are too injured to fight recklessly!
Unknown command.
You block the phantom's attack.
A gnoll comes into view. It is wielding a +0 halberd.
The black bear attacks as you move away!
The black bear bites you but does no damage.
The black bear claws you.
The black bear claws you but does no damage.
The black bear attacks as you move away!
The black bear barely misses you.
The black bear claws you but does no damage. x2
The black bear attacks as you move away!
The black bear bites you but does no damage.
The black bear closely misses you. You block the black bear's attack.
The black bear attacks as you move away!
You block the black bear's attack. The black bear closely misses you.
The black bear claws you.
The black bear attacks as you move away!
The black bear barely misses you.
The black bear claws you but does no damage.
The black bear claws you.
There is a stone staircase leading up here.
The black bear bites you!
* * * LOW HITPOINT WARNING * * *
The black bear claws you but does no damage. x2
The gnoll hits you but does no damage.
You climb upwards.
There is a stone staircase leading down here.
You slash the black bear!
The black bear is heavily wounded.
The black bear bites you.
You die...

.###.##...............#
.##...#.##########.#..#####
.#.###..#####.............#
..## ##.......####.#......#
.## ##.###### #.#......# .#
#.# ###.##.....# .## ##.#
###...##.....# ..## ##.##
#.h...##...###
##.###.#######..@..##...#
##...###...............####
##.#)###.###..............#
##.###.##.# #.#####..#.###.#
#.## ##.#.# #.# #....###.#
.## ##### ### #.....##.# #.#
##8###8## #.....##.#
####8...8...8######..#..##.#
####.........##............#


You could see a black bear.

Vanquished Creatures
  An adder (D:3)
  A worm (D:2)
  4 dart slugs
  An orc (D:3)
  7 endoplasms
  2 giant cockroaches
  6 goblins
  4 hobgoblins (D:1)
  4 jackals (D:2)
  4 kobolds
  2 quokkas (D:1)
  6 ball pythons
  8 bats
  2 frilled lizards
  6 rats
58 creatures vanquished.

Vanquished Creatures (others)
  6 fungi (D:3)
  6 plants (D:3)
12 creatures vanquished.

Grand Total: 70 creatures vanquished

Notes
Turn   | Place    | Note
-------+----------+-------------------------------------------
     0 | D:1      | bande the Gargoyle Fighter began the quest for the Orb.
     0 | D:1      | Reached XP level 1. HP: 14/14 MP: 1/1
   199 | D:1      | Reached XP level 2. HP: 19/19 MP: 2/2
   547 | D:1      | Reached XP level 3. HP: 23/23 MP: 3/3
  1231 | D:3      | Reached XP level 4. HP: 28/28 MP: 4/4
  1696 | D:3      | Found a faded altar of an unknown god.
  1830 | D:3      | Found a basalt altar of Yredelemnul.
  1872 | D:4      | Noticed a phantom
  1872 | D:4      | Noticed a black bear
  1875 | D:4      | Noticed a phantom
  1890 | D:3      | Slain by a black bear

Illustrated notes

Levels and vault maps discovered:
D:1:      dpeg_arrival_long_road, layout_basic, minmay_split_cup_large
D:2:      layout_basic, moated_statue
D:3:      layout_loops_ring, nicolae_overflow_hidden_temple,
          dreamdust_ecumenical_altar_grove, kennysheep_generic_room_13
D:4:      layout_loops_cross, chequers_temple_overflow_minitemple,
          evilmike_ruin_ashenzari, mainiacjoe_overflow_cross_hatched

Skill      XL: |  1  2  3  4 |
---------------+-------------+-----
Axes           | 2 3 |  3.2
Fighting       | |  3.7
Armour         | |  3.8
Shields        | |  3.7

Action                   |  1- 3 |  4- 6 || total
-------------------------+-------+-------++-------
Melee: War axe           |    97 |    39 ||   136
Armor: Scale mail        |    70 |    27 ||    97
Dodge: Dodged            |    49 |    35 ||    84
Block: Buckler           |    26 |    15 ||    41

Table legend: (Time is in decaauts)
 A = Elapsed time spent in this place.
 B = Non-inter-level travel time spent in this place.
 C = Inter-level travel time spent in this place.
 D = Time resting spent in this place.
 E = Time spent auto-exploring this place.
 F = Levels seen in this place.
 G = Mean time per level.
                   A        B        C        D        E       F      G
               +--------+--------+--------+--------+--------+-----+--------+
         Total |   1946 |   1903 |     43 |     43 |   1411 |   4 |  486.5 |
       Dungeon |   1946 |   1903 |     43 |     43 |   1411 |   4 |  486.5 |
               +--------+--------+--------+--------+--------+-----+--------+

Top non-repeatable levels by time:
     D:1: 716 daAuts
     D:3: 653 daAuts
     D:2: 548 daAuts
     D:4: 28 daAuts
